AoeStats
← AiM | CyclopsTron

QS Arena

503706383Analyzed
4v4 RM · 1mo ago on Sep 1, 2026· 39m 32s· 8 players
Game mode
Random Map
Map size
Large (8 player)
Population
200
Speed
Normal
Resources
Standard
Victory
Conquest
Starting age
Dark Age
Ending age
Imperial Age
RankedLock teamsTeams togetherTeam positionsShared explorationLock speedFull tech treeHidden civsTurbo modeCheats
Victory
Defeat
🇦🇷 Malay · Argentina
1919
+4
🇦🇷 Persians · Argentina
1540
+17
🇳🇴 Georgians · Norway
1513
+18
🇦🇷 Wei · Argentina
1431
+22
🇲🇽 Poles · Mexico
1618
-17
🇲🇽 Berbers · Mexico
1569
-15
🇦🇷 Lithuanians · Argentina
1552
-14
🇨🇱 Burmese · Chile
1510
-12
AiM | CyclopsTron
3:31 Loom
6:09 Feudal Age
6:41 Double-Bit Axe
7:57 Fletching
14:22 Horse Collar
15:05 Town Watch
16:48 Stone Mining
20:11 Castle Age
18:30 Gold Mining
21:14 Heavy Plow
24:40 Imperial Age
23:56 Scale Mail Armor
24:10 Bow Saw
26:39 Wheelbarrow
29:19 Crop Rotation
32:23 Bodkin Arrow
33:17 Bracer
32:40 Crossbowman
34:44 Chemistry
34:08 Ballistics
33:27 Arbalester
34:44 Padded Archer Armor
35:05 Thumb Ring
35:48 Hand Cart
36:28 Leather Archer Armor
37:23 Elite Genitour
39:50 Bloodlines
39:40 Husbandry
GABO
8:21 Feudal Age
13:18 Castle Age
14:51 Gold Mining
14:49 Double-Bit Axe
14:46 Horse Collar
16:17 Fervor
20:21 Sanctity
22:24 Wheelbarrow
21:34 Town Watch
24:02 Hand Cart
23:48 Town Patrol
23:37 Loom
24:23 Bow Saw
26:40 Bloodlines
26:32 Husbandry
26:42 Scale Barding Armor
26:47 Forging
29:24 Imperial Age
28:27 Chain Barding Armor
29:04 Iron Casting
28:41 Stone Mining
29:30 Cavalier
30:32 Heavy Plow
31:35 Two-Man Saw
31:41 Paladin
32:44 Conscription
36:34 Crop Rotation
AiM | Shuffle
9:15 Feudal Age
10:06 Horse Collar
12:48 Castle Age
15:34 Heavy Plow
21:07 Wheelbarrow
20:39 Gold Mining
21:56 Stone Mining
23:05 Hand Cart
25:58 Imperial Age
24:02 Scale Barding Armor
24:41 Gold Shaft Mining
24:49 Bloodlines
24:39 Husbandry
24:57 Loom
25:41 Chain Barding Armor
25:51 Forging
26:08 Elite Battle Elephant
27:44 Crop Rotation
27:57 Plate Barding Armor
28:41 Masonry
29:41 Iron Casting
30:32 Chemistry
30:09 Howdah
30:31 Conscription
31:56 Blast Furnace
32:52 Caravan
33:03 Guilds
33:23 Coinage
35:26 Town Watch
36:16 Crop Rotation
36:20 Banking
36:55 Architecture
35:52 Man-at-Arms
36:32 Squires
36:17 Gambesons
36:57 Manipur Cavalry
Ux'Cucurella
4:10 Loom
6:19 Feudal Age
5:22 Loom
6:49 Double-Bit Axe
7:49 Fletching
12:14 Horse Collar
20:48 Castle Age
18:53 Gold Mining
19:41 Scale Barding Armor
20:33 Bloodlines
21:00 Bloodlines
21:31 Town Watch
22:28 Bow Saw
24:41 Wheelbarrow
26:04 Bodkin Arrow
26:09 Padded Archer Armor
27:17 Hand Cart
27:25 Heavy Plow
28:34 Leather Archer Armor
29:45 Thumb Ring
PNAL | Trafalgar
6:34 Loom
8:30 Feudal Age
12:54 Castle Age
11:25 Fletching
13:39 Double-Bit Axe
15:32 Horse Collar
19:00 Bow Saw
23:22 Heavy Plow
26:34 Wheelbarrow
26:36 Gold Mining
28:07 Hand Cart
31:27 Imperial Age
29:49 Bloodlines
29:41 Husbandry
29:47 Scale Barding Armor
31:23 Gold Shaft Mining
32:06 Chain Barding Armor
32:09 Conscription
31:20 Cavalier
32:54 Forging
33:13 Scale Mail Armor
33:48 Plate Barding Armor
33:24 Savar
35:03 Iron Casting
34:52 Stone Mining
37:38 Elite War Elephant
39:19 Blast Furnace
Rodrixs
9:40 Feudal Age
12:28 Castle Age
10:41 Horse Collar
11:23 Double-Bit Axe
15:23 Bow Saw
20:45 Wheelbarrow
21:52 Gold Mining
23:12 Gold Shaft Mining
25:33 Imperial Age
23:20 Fletching
23:56 Hand Cart
24:00 Bodkin Arrow
24:27 Ballistics
23:53 Crossbowman
26:15 Chemistry
25:46 Bracer
26:13 Loom
26:14 Town Watch
27:00 Thumb Ring
26:15 Arbalester
27:12 Thumb Ring
28:30 Padded Archer Armor
29:42 Siege Engineers
30:26 Leather Archer Armor
30:45 Masonry
30:41 Heavy Plow
32:21 Ring Archer Armor
34:01 Coinage
34:30 Stone Mining
35:42 Conscription
35:34 Forging
34:50 Pikeman
35:30 Squires
36:34 Banking
36:39 Halberdier
38:16 Iron Casting
40:40 Blast Furnace
PNAL I Ghost
7:43 Feudal Age
13:37 Castle Age
11:38 Double-Bit Axe
11:53 Horse Collar
14:21 Loom
22:47 Wheelbarrow
22:40 Bow Saw
23:38 Heavy Plow
25:05 Town Watch
25:30 Pikeman
26:10 Squires
26:13 Scale Mail Armor
30:36 Imperial Age
28:30 Gold Mining
29:20 Fletching
29:46 Chain Mail Armor
30:45 Halberdier
31:25 Bodkin Arrow
32:26 Bracer
32:29 Padded Archer Armor
32:36 Murder Holes
33:02 Fortified Wall
33:57 Ballistics
34:38 Chemistry
34:22 Leather Archer Armor
34:13 Scale Barding Armor
35:05 Crop Rotation
34:59 Hand Cart
37:18 Parthian Tactics
36:59 Thumb Ring
PNAL | Machete
3:45 Loom
8:29 Feudal Age
11:00 Fletching
12:19 Double-Bit Axe
18:27 Castle Age
16:48 Double-Bit Axe
18:14 Horse Collar
20:04 Wheelbarrow
29:03 Fortified Wall
29:04 Masonry
31:35 Heavy Plow
31:50 Bow Saw
32:15 Gold Mining
32:22 Stone Mining
Connection lost

Rejoining the realm…

Still unreachable

The connection could not be restored.

Session expired

The server has moved on; the page needs a fresh start.